 Dungeon Crawl Stone Soup version 0.24.0-10-g970556be89 (webtiles) character file.

Game seed: 13097149859503634095, levelgen mode: deterministic

779 Johnny the Slasher (level 7, -1/70 HPs)
             Began as a Troll Berserker on Nov 4, 2019.
             Was a Priest of Trog.
             Slain by Grinder (6 damage)
             ... on level 5 of the Dungeon.
             The game lasted 00:03:52 (3277 turns).

Johnny the Slasher (Troll Berserker)                Turns: 3277, Time: 00:03:52

Health: -1/70      AC:  6    Str: 28    XL:     7   Next: 54%
Magic:  6/6        EV: 11    Int:  3    God:    Trog [***...]
Gold:   200        SH:  0    Dex:  9    Spells: 6/6 levels left

rFire    . . .     SeeInvis .   s - +2 dagger (elec)
rCold    . . .     Gourm    +   (no shield)
rNeg     . . .     Faith    .   b - +0 animal skin
rPois    .         Spirit   .   (helmet restricted)
rElec    .         Reflect  .   (no cloak)
rCorr    .         Harm     .   (gloves unavailable)
MR       ++...                  (boots unavailable)
Stlth    ++........             l - amulet of the gourmand
HPRegen  1.61/turn              g - ring of stealth (curse)
MPRegen  0.10/turn              (no ring)

@: berserk cooldown, regenerating
A: large, unfitting armour, claws 3, fast metabolism 3, gourmand, regeneration
1, shaggy fur 1, tough skin 3
a: Berserk, Trog's Hand, Renounce Religion


You were on level 5 of the Dungeon.
You worshipped Trog.
Trog was most pleased with you.
You were not hungry.

You visited 1 branch of the dungeon, and saw 5 of its levels.

You collected 200 gold pieces.

Inventory:

Hand Weapons
 a - a +0 falchion
 s - a +2 dagger of electrocution (weapon)
Missiles
 r - a throwing net (quivered)
Armour
 b - a +0 animal skin (worn)
Jewellery
 g - a cursed ring of stealth (left claw)
 l - an amulet of the gourmand (around neck)
 m - a +4 ring of intelligence
 y - the ring of the Invisible Hand {Fire rN++ Str-4}
   (You found it on level 4 of the Dungeon)

   [ring of fire]

   It enhances your fire magic.
   It affects your strength (-4).
   It protects you from fire.
   It makes you vulnerable to cold.
   It greatly protects you from negative energy.
Scrolls
 e - 8 scrolls of identify {unknown}
 h - 3 scrolls of random uselessness {unknown}
 i - 3 scrolls of teleportation {unknown}
 k - a scroll of enchant armour {unknown}
 o - a scroll of enchant weapon {unknown}
 q - a scroll of magic mapping {unknown}
 t - a scroll of remove curse {unknown}
 u - a scroll of immolation {unknown}
 x - a scroll of fog {unknown}
Potions
 d - 3 potions of curing
 f - a potion of cancellation {unknown}
 j - 2 potions of heal wounds {unknown}
 n - 2 potions of lignification {unknown}
 p - a potion of agility {unknown}
 v - a potion of resistance {unknown}
 w - 2 potions of might {unknown}
Miscellaneous
 z - a lightning rod (1/4)
Comestibles
 c - 5 rations


   Skills:
 + Level 4.2 Fighting
 * Level 5.5 Long Blades
 + Level 4.3 Dodging


You had 6 spell levels left.
You didn't know any spells.
Your spell library was empty.

Dungeon Overview and Level Annotations

Branches:
Dungeon (5/15)
 Temple: D:4-7

Altars:

Annotations:
D:5 Grinder


Innate Abilities, Weirdness & Mutations

You are too large for most types of armour.
You have claws for hands.
Your metabolism is lightning-fast.
You like to eat raw meat.
Your natural rate of healing is unusually fast.
You are covered in fur. (AC +1)
You have extremely tough skin. (AC +3)


Message History

Grinder says, "There's only one good use for a tongue: cutting it out."
Grinder gestures at you. You resist with almost no effort.
You hit Grinder.
Grinder is severely wounded.
Grinder hits you!
* * * LOW HITPOINT WARNING * * *
You writhe in agony.
* * * LOW HITPOINT WARNING * * *
You barely miss Grinder.
Grinder is severely wounded.
Grinder hits you!
* * * LOW HITPOINT WARNING * * *
You writhe in agony.
* * * LOW HITPOINT WARNING * * *
Unknown command.
You feel better. Grinder hits you.
* * * LOW HITPOINT WARNING * * *
You writhe in agony.
You die...

##.....#.....#######
##...................
#....................
#....................
#............?.......
#....................
#...............%....
#.............?...)†.
#...@...............|
#..5.................
#......##..#########)
#......##..........).
#......#####.........
#........ ###.........
#......................
#..........#####.......
#..........# #.......


You could see Grinder.

Vanquished Creatures
  Edmund (D:5)
  The ghost of Arixos the Skirmisher, an amateur DsMo (D:4)
  A phantom (D:5)
  Blork the orc (D:5)
  2 scorpions
  A centaur skeleton (D:5)
  An orc wizard (D:4)
  2 orc priests
  Jessica (D:2)
  A worker ant (D:5)
  5 adders
  A white imp (D:4)
  An adder skeleton (D:4)
  2 worms
  A dart slug (D:1)
  An adder simulacrum (D:4)
  6 leopard geckos
  8 orcs
  3 giant cockroaches
  4 goblins
  8 hobgoblins
  4 jackals (D:2)
  A quokka (D:2)
  2 ball pythons
  10 bats
  3 frilled lizards (D:1)
  9 kobolds
  A leopard gecko simulacrum (D:4)
  A quokka simulacrum (D:4)
  5 rats
88 creatures vanquished.

Notes
Turn   | Place    | Note
-------+----------+-------------------------------------------
     0 | D:1      | Johnny the Troll Berserker began the quest for the Orb.
     0 | D:1      | Reached XP level 1. HP: 22/22 MP: 0/0
    59 | D:1      | Reached XP level 2. HP: 29/29 MP: 1/1
   791 | D:2      | Reached XP level 3. HP: 36/36 MP: 2/2
   876 | D:2      | Reached skill level 3 in Long Blades
   902 | D:2      | Reached ** piety under Trog
   924 | D:2      | Noticed Jessica
   930 | D:2      | Killed Jessica
   930 | D:2      | Reached XP level 4. HP: 44/44 MP: 3/3
  1715 | D:3      | Reached XP level 5. HP: 53/53 MP: 4/4
  1922 | D:4      | HP: 2/79 [orc wizard/+0 dagger (4)]
  1925 | D:4      | Reached skill level 4 in Long Blades
  2409 | D:4      | Found a runed translucent gate.
  2409 | D:4      | Found a runed translucent gate.
  2409 | D:4      | Found a runed translucent gate.
  2566 | D:4      | Reached XP level 6. HP: 60/61 MP: 5/5
  2934 | D:4      | Noticed Arixos's ghost (amateur DsMo)
  2977 | D:4      | Killed Arixos's ghost
  3010 | D:4      | Got the ring of the Invisible Hand {Fire}
  3026 | D:4      | Identified the ring of the Invisible Hand {Fire rN++ Str-4}
                  | (You found it on level 4 of the Dungeon)
  3057 | D:5      | Entered Level 5 of the Dungeon
  3066 | D:5      | Noticed Blork the orc
  3074 | D:5      | Killed Blork the orc
  3074 | D:5      | Reached *** piety under Trog
  3084 | D:5      | Noticed Edmund
  3092 | D:5      | Killed Edmund
  3092 | D:5      | Reached skill level 5 in Long Blades
  3092 | D:5      | Reached XP level 7. HP: 52/70 MP: 6/6
  3150 | D:5      | Noticed Grinder
  3230 | D:5      | Paralysed by Grinder for 3 turns
  3239 | D:5      | Paralysed by Grinder for 6 turns
  3258 | D:5      | Paralysed by Grinder for 4 turns
  3266 | D:5      | Paralysed by Grinder for 4 turns
  3276 | D:5      | HP: 3/70 [Grinder (5)]
  3277 | D:5      | Slain by Grinder

Levels and vault maps discovered:
D:1:      dpeg_arrival_orchard, layout_basic, chequers_serial_rivers_small_3,
          minmay_quantized
D:2:      minmay_kobold_bridge, layout_loops_ring, first_ration, uniq_jessica
D:3:      layout_basic
D:4:      layout_basic, gammafunk_ghost_icy
D:5:      layout_rooms, uniq_menkaure, uniq_edmund, uniq_blork_the_orc,
          uniq_grinder

Skill      XL: |  1  2  3  4  5  6 |
---------------+-------------------+-----
Long Blades    | 3 4 5 |  5.5
Dodging        | 3 4 |  4.3
Fighting       | 3 4 |  4.2

Action                   |  1- 3 |  4- 6 |  7- 9 || total
-------------------------+-------+-------+-------++-------
Melee: Falchion          |    85 |    41 |       ||   126
       Dagger            |       |   137 |    40 ||   177
Invok: Berserk           |       |     4 |     1 ||     5
       Trog's Hand       |       |       |     1 ||     1
Evoke: Lightning rod     |       |       |     4 ||     4
  Use: Potion            |       |     1 |     1 ||     2
 Stab: Sleeping          |     2 |     7 |       ||     9
  Eat: Chunk             |    14 |    19 |       ||    33
Armor: Animal skin       |    46 |    57 |    10 ||   113
Dodge: Dodged            |    59 |    85 |    18 ||   162
       Rpst.: Falchion   |    21 |     9 |       ||    30
